 Dungeon Crawl Stone Soup version 0.29-a0-821-g66395355a5 (webtiles) character file.

Game seed: 9554369528024125890

7 ReploidZero the Gusty (level 2, -1/15 HPs)
             Began as a Tengu Air Elementalist on July 7, 2022.
             Slain by a jackal (3 damage)
             ... on level 1 of the Dungeon.
             The game lasted 00:01:18 (476 turns).

ReploidZero the Gusty (Tengu Air Elementalist)       Turns: 476, Time: 00:01:19

Health: -1/15      AC:  2    Str:  8    XL:     2   Next: 0%
Magic:  0/6        EV: 12    Int: 15    God:
Gold:   46         SH:  0    Dex: 14    Spells: 4/5 levels left

rFire   . . .      SeeInvis .   (no weapon)
rCold   . . .      Faith    .   (no shield)
rNeg    . . .      Spirit   .   a - +0 robe
rPois   .          Reflect  .   (helmet restricted)
rElec   .          Harm     .   (no cloak)
rCorr   .          Rampage  .   (no gloves)
Will    .....                   (boots unavailable)
Stlth   ++........              (no amulet)
HPRegen 0.05/turn               (no ring)
MPRegen 0.10/turn               (no ring)

@: no status effects
A: beak, talons 3
a: no special abilities


You were on level 1 of the Dungeon.
You visited 1 branch of the dungeon, and saw 1 of its levels.

You collected 46 gold pieces.

Inventory:

Armour
 a - a +0 robe (worn)
Scrolls
 e - a scroll of immolation {unknown}
Potions
 b - 2 potions of magic
 c - a potion of mutation {unknown}
 d - a potion of lignification {unknown}
 f - a potion of flight {unknown}


   Skills:
 + Level 2.3 Dodging
 - Level 2.0 Stealth
 + Level 2.1 Spellcasting
 + Level 1.7 Conjurations
 + Level 4.1 Air Magic


You had 4 spell levels left.
You knew the following spells:

 Your Spells              Type           Power      Damage    Failure   Level
a - Shock                 Conj/Air       40%        1d5       7%          1

Your spell library contained the following spells:

 Spells                   Type           Power      Damage    Failure   Level
 Static Discharge         Conj/Air       10%        3-5/arc   10%         2
 Swiftness                Air            14%        N/A       12%         3
 Airstrike                Air            7%         0-3+      36%         4


Dungeon Overview and Level Annotations

Branches:
Dungeon (1/15)

Altars:

Shops:
D:1 (


Innate Abilities, Weirdness & Mutations

You have a beak for a mouth.
You have claws for feet.


Message History

The jackal is lightly wounded.
The jackal misses you.
You barely miss the jackal. Your peck misses the jackal.
The jackal is lightly wounded.
The jackal bites you. The jackal completely misses you.
You closely miss the jackal. Your kick misses the jackal.
Your peck misses the jackal.
The jackal is lightly wounded.
The jackal bites you but does no damage.
You hit the jackal but do no damage. You claw the jackal.
The jackal is moderately wounded.
The jackal bites you.
* * * LOW HITPOINT WARNING * * *
The jackal barely misses you.
You hit the jackal but do no damage. Your kick misses the jackal.
The jackal is lightly wounded.
The jackal closely misses you.
You hit the jackal but do no damage.
The jackal is lightly wounded.
The jackal completely misses you.
You closely miss the jackal. Your kick misses the jackal.
The jackal is lightly wounded.
The jackal bites you.
* * * LOW HITPOINT WARNING * * *
The jackal barely misses you.
You hit the jackal but do no damage. Your kick misses the jackal.
You peck the jackal, but do no damage.
The jackal is lightly wounded.
The jackal completely misses you.
Aiming: Shock (safe; 7% risk of failure)
Press: ? - help, Q - select action Shift-Dir - straight line, f - jackal
Aim: a jackal (lightly wounded, 60% to hit)
The zap misses the jackal.
The jackal barely misses you. x2
Unknown command.
Unknown command.
You barely miss the jackal. You peck the jackal.
The jackal is heavily wounded.
The jackal bites you.
You die...

#.#######.# #.# #.# #.#
#####.########## #.#
#..............####.. #.#
#.###.######.#.......
#.###.###.# ##....#####
#.........# #.....#
#####.##### ##...## #.##
##@## #..# #h# ##.# #.# #.#
##'## #.# ##...## #.#
##.....## # ##.##
##.......#.#
#####...####).........#
....∩......+...............


You could see a jackal.

Vanquished Creatures
  An endoplasm (D:1)
  3 jackals (D:1)
  A frilled lizard (D:1)
  A kobold (D:1)
6 creatures vanquished.

Notes
Turn   | Place    | Note
-------+----------+-------------------------------------------
     0 | D:1      | ReploidZero the Tengu Air Elementalist began the quest for
                  | the Orb.
     0 | D:1      | Reached XP level 1. HP: 10/10 MP: 4/4
   350 | D:1      | Found Bipp's Weapon Shop.
   466 | D:1      | Reached XP level 2. HP: 5/15 MP: 0/6
   476 | D:1      | Slain by a jackal

Illustrated notes

Levels and vault maps discovered:
D:1:      evilmike_arrival_rings, layout_loops_corners, serial_shops, shop,
          minmay_tetromino_t4

Action                   || total
-------------------------++-------
Melee: Unarmed           ||    20
       Peck              ||     4
       Kick              ||     2
 Cast: Shock             ||     9
 Stab: Sleeping          ||     1
Armor: Robe              ||     8
Dodge: Dodged            ||    18

Table legend: (Time is in decaauts)
 A = Elapsed time spent in this place.
 B = Non-inter-level travel time spent in this place.
 C = Inter-level travel time spent in this place.
 D = Time resting spent in this place.
 E = Time spent auto-exploring this place.
 F = Levels seen in this place.
 G = Mean time per level.
                   A        B        C        D        E       F      G
               +--------+--------+--------+--------+--------+-----+--------+
         Total |    476 |    476 |      0 |      0 |    415 |   1 |  476.0 |
       Dungeon |    476 |    476 |      0 |      0 |    415 |   1 |  476.0 |
               +--------+--------+--------+--------+--------+-----+--------+

Top non-repeatable levels by time:
     D:1: 476 daAuts
